 Dungeon Crawl Stone Soup version 0.31-a0-997-g9a2f3ffc92 (webtiles) character file.

Game seed: 18227658543000041622

839 Dirtsage the Slasher (level 7, -7/57 (61) HPs)
             Began as a Minotaur Monk on Nov 7, 2023.
             Mangled by a wight
             ... wielding a +3 halberd
              (10 damage)
             ... on level 6 of the Dungeon.
             The game lasted 00:05:44 (3749 turns).

Dirtsage the Slasher (Minotaur Monk)                Turns: 3749, Time: 00:05:45

HP:   -7/57 (61)    AC:  8    Str: 15    XL:     7   Next: 67%
MP:   2/2           EV: 12    Int:  7    God:
Gold: 233           SH:  0    Dex: 15    Spells: 6/6 levels left

rFire   + . .        o - +10 rapier of Butysten {antimagic, rF+ Will+ rCorr}
rCold   . . .        d - orb {light}
rNeg    . . .        i - +0 ring mail
rPois   .            (helmet restricted)
rElec   .            g - +2 cloak
rCorr   +            (no gloves)
SInv    .            (no boots)
Will    +....        (no amulet)
Stlth   +            (no ring)
HPRegen 0.29/turn    (no ring)
MPRegen 0.08/turn

%: no passive effects
@: glowing, drained
A: horns 2, retaliatory headbutt
a: no special abilities


You were on level 6 of the Dungeon.
You visited 1 branch of the dungeon, and saw 6 of its levels.

You collected 233 gold pieces.

Inventory:

Hand Weapons
 a - a +0 falchion
 o - the +10 rapier of Butysten (weapon) {antimagic, rF+ Will+ rCorr}
   (You found it on level 3 of the Dungeon)

   rF+:       It protects you from fire.
   Will+:     It increases your willpower.
   rCorr:     It protects you from acid and corrosion.
Armour
 b - a +0 robe
 d - an orb of light (worn)
 g - a +2 cloak (worn)
 i - a +0 ring mail (worn)
Magical Staves
 l - a staff of cold
Jewellery
 t - a ring of magical power
Wands
 y - a wand of acid (5)
Scrolls
 e - 2 scrolls of vulnerability {unknown}
 f - 5 scrolls of identify {unknown}
 h - 2 scrolls of amnesia {unknown}
 j - a scroll of revelation {unknown}
 k - 3 scrolls of teleportation {unknown}
 p - a scroll of noise {unknown}
 r - 3 scrolls of blinking {unknown}
 s - a scroll of brand weapon {unknown}
 u - a scroll of torment {unknown}
 x - a scroll of immolation {unknown}
 z - a scroll of acquirement {unknown}
Potions
 c - a potion of ambrosia
 m - 2 potions of might {unknown}
 n - 3 potions of attraction {unknown}
 q - 2 potions of invisibility {unknown}
 v - a potion of mutation {unknown}
 w - a potion of lignification {unknown}
 A - a potion of haste {unknown}


   Skills:
 + Level 5.2 Fighting
 + Level 4.5(6.2) Short Blades
 * Level 7.3(8.0) Long Blades
 + Level 3.3 Armour
 + Level 4.7 Dodging


You had 6 spell levels left.
You didn't know any spells.
Your spell library contained the following spells:

 Spells                   Type           Power      Damage    Failure   Level
 Apportation              Tloc           0%         N/A       65%         1
 Kiss of Death            Conj/Necr      0%         2d5       65%         1
 Necrotise                Necr           0%         1d4       65%         1
 Summon Small Mammal      Summ           0%         N/A       65%         1
 Lesser Beckoning         Tloc           0%         N/A       80%         2
 Confusing Touch          Hex            0%         N/A       95%         3
 Gell's Gravitas          Tloc           0%         N/A       95%         3
 Ozocubu's Armour         Ice            0%         N/A       95%         3
 Teleport Other           Tloc           0%         N/A       95%         3
 Tukima's Dance           Hex            0%         N/A       95%         3
 Dimensional Bullseye     Hex/Tloc       0%         N/A       100%        4
 Dispel Undead            Necr           0%         3d6       100%        4
 Iskenderun's Mystic Bla  Conj/Tloc      0%         2d3       100%        4
 Metabolic Englaciation   Hex/Ice        0%         N/A       100%        5
 Simulacrum               Ice/Necr       0%         N/A       100%        6


Dungeon Overview and Level Annotations

Branches:
Dungeon (6/15)
 Temple: D:4-7

Altars:

Shops:
D:1 (   D:4 (=


Innate Abilities, Weirdness & Mutations

You have a pair of horns on your head.
You reflexively headbutt those who attack you in melee.


Message History

You hit the wight but do no damage.
The wight is almost destroyed.
You puncture the wight!
You destroy the wight!
The wight closely misses you.
The wight hits you from afar with a +3 halberd!
You feel drained.
You take 10 damage, and have 22/59 hp.
The wight hits you with a +2 falchion.
You feel drained.
* * * LOW HITPOINT WARNING * * *
You take 5 damage, and have 17/57 hp.
Okay, then.
You are confused.
You feel invigorated. The wight closely misses you.
The wight hits you from afar with a +3 halberd.
* * * LOW HITPOINT WARNING * * *
You regained 3 hp, and now have 20/57 hp.
You feel less invigorated.
You feel less confused. The wight misses you. You furiously retaliate!
You headbutt the wight!
You regained 5 hp, and now have 25/57 hp.
You puncture the wight!
You destroy the wight!
The wight hits you from afar with a +3 halberd.
You feel drained.
You take 1 damage, and have 24/57 hp.
The wight hits you with a +3 halberd!
Things that are here:
a +2 falchion; a +0 robe You take 6 damage, and have 18/57 hp.
You puncture the wight!
You headbutt the wight, but do no damage.
The wight is heavily damaged.
The wight hits you with a +3 halberd!
* * * LOW HITPOINT WARNING * * *
You take 15 damage, and have 3/57 hp.
MASSIVE DAMAGE!!
You barely miss the wight. You headbutt the wight.
The wight is almost destroyed.
The wight hits you with a +3 halberd!
You die...

# #. . #. ########
##.##.###......######
..........####......#
##.##.##>..#
#......####### .#.#.#
#.#.# #..@z.........
....#
#.#.####....)#######
##.##>...#....#.....#
......#######.#######
#####....#....#
#.#.#### ########.#.#
...........#
############


You could see a wight.

Vanquished Creatures
  A phantom (D:6)
  A scorpion (D:5)
  2 wights (D:6)
  4 hounds
  A gnoll bouda (D:6)
  2 orc priests (D:5)
  2 sleepcaps
  2 iguanas (D:4)
  4 orc wizards
  6 adders
  3 gnolls (D:6)
  A shadow imp (D:5)
  2 white imps
  A worm (D:2)
  2 dart slugs
  11 orcs
  5 endoplasms
  2 giant cockroaches (D:1)
  5 goblins
  8 hobgoblins
  6 quokkas
  3 ball pythons (D:3)
  5 bats
  A frilled lizard (D:3)
  5 kobolds
  4 rats
89 creatures vanquished.

Notes
Turn   | Place    | Note
-------+----------+-------------------------------------------
     0 | D:1      | Dirtsage the Minotaur Monk began the quest for the Orb.
     0 | D:1      | Reached XP level 1. HP: 19/19 MP: 0/0
    60 | D:1      | Reached skill level 4 in Long Blades
   231 | D:1      | Found a faded altar of an unknown god.
   231 | D:1      | You fall into a shaft and drop 1 floor!
   271 | D:2      | Reached XP level 2. HP: 26/26 MP: 1/1
   327 | D:2      | Reached skill level 5 in Long Blades
   327 | D:2      | Reached XP level 3. HP: 22/31 MP: 2/2
   813 | D:1      | Found Qonotusu's Antique Weapon Shop.
  1363 | D:3      | Identified the +10 rapier of Butysten {antimagic, rF+ Will+
                  | rCorr}
  1441 | D:3      | Reached skill level 1 in Short Blades
  1441 | D:3      | Reached XP level 4. HP: 39/39 MP: 1/3
  1800 | D:4      | Found Gecsuxya's Jewellery Shoppe.
  2097 | D:4      | Found Fyaps's Antique Weapon Shoppe.
  2140 | D:4      | Reached skill level 6 in Long Blades
  2140 | D:4      | Reached XP level 5. HP: 46/46 MP: 1/4
  2193 | D:4      | Reached skill level 1 in Armour
  2524 | D:5      | Entered Level 5 of the Dungeon
  2592 | D:5      | Reached XP level 6. HP: 51/52 MP: 1/5
  3325 | D:6      | Reached XP level 7. HP: 57/60 MP: 2/6
  3636 | D:6      | Reached skill level 5 in Fighting
  3636 | D:6      | Reached skill level 7 in Long Blades
  3749 | D:6      | Mangled by a wight

Illustrated notes

Levels and vault maps discovered:
D:1:      wander_arrival_desolate, layout_rooms,
          chequers_ecumenical_altar_island, serial_shops, nicolae_shop_peninsula
D:2:      layout_basic
D:3:      layout_rooms
D:4:      layout_loops_ring, serial_shops, nicolae_shop_window_shopping,
          nicolae_shop_trees, corexii_corridor_pit
D:5:      layout_loops_ring, bh_walls_and_bars
D:6:      layout_loops_ring, minitemple, minmay_temple_entry_nine_rooms,
          hangedman_decor_riveting

Skill      XL: |  1  2  3  4  5  6  7 |
---------------+----------------------+-----
Long Blades    | 4 5 6 7 |  7.3
Short Blades   | 1 2 3 4 |  4.5
Armour         | 1 2 3 |  3.3
Fighting       | 4 5 |  5.2
Dodging        | 4 |  4.7

Action                     |  1- 3 |  4- 6 |  7- 9 || total
---------------------------+-------+-------+-------++-------
  Melee: Falchion          |    67 |       |       ||    67
         Headbutt          |    10 |     9 |    17 ||    36
         Rapier            |     6 |    84 |    45 ||   135
    Use: Potion            |       |       |     1 ||     1
 Armour: Robe              |     9 |       |       ||     9
         Ring mail         |    21 |    38 |    36 ||    95
  Dodge: Dodged            |    48 |    40 |    32 ||   120

Table legend: (Time is in decaauts)
 A = Elapsed time spent in this place.
 B = Non-inter-level travel time spent in this place.
 C = Inter-level travel time spent in this place.
 D = Time resting spent in this place.
 E = Time spent auto-exploring this place.
 F = Levels seen in this place.
 G = Mean time per level.
                   A        B        C        D        E       F      G
               +--------+--------+--------+--------+--------+-----+--------+
         Total |   3746 |   3626 |    120 |      0 |   3126 |   6 |  624.3 |
       Dungeon |   3746 |   3626 |    120 |      0 |   3126 |   6 |  624.3 |
               +--------+--------+--------+--------+--------+-----+--------+

Top non-repeatable levels by time:
     D:2: 817 daAuts
     D:4: 748 daAuts
     D:5: 743 daAuts
     D:1: 503 daAuts
     D:6: 473 daAuts
     D:3: 459 daAuts
